Map: Frozen Temple

Players

Miszu - Winner!

  • Race: Terran Terran
  • League: Master

VonComet

  • Race: Terran Terran
  • League: Master

VOD

Have the link to the VOD?

Description

Time

  • Played on: April 18, 2016, 5:50 p.m.
  • Length: 10:42
Show
View Real Time Build Order
Export as new Build Order

Miszu Terran - Winner!

Build Orders: 1/1/1, MMM Bio, Banshee Rush 

Get SALT Encoding   

  12  0:00  SCV  
  13  0:12  SCV  
  14  0:17  Supply Depot  
  14  0:25  SCV  
  15  0:39  SCV  
  15  0:40  Barracks  
  16  0:44  Refinery  
  16  0:51  SCV  
  16  0:55  Refinery  
  17  1:03  SCV  
  18  1:15  SCV  
  19  1:27  Orbital Command  
  19  1:28  Marine  
  20  1:34  Factory  
  20  1:41  Supply Depot  
  20  1:53  SCV  
  21  1:57  Marine  
  22  2:05  SCV  
  23  2:15  Marine  
  23  2:17  SCV  
  23  2:22  Starport  
  27  2:23  Hellion  
  27  2:29  SCV  
  28  2:31  Supply Depot  
  28  2:36  Marine  
  29  2:41  SCV  
  30  2:47  Factory Tech Lab  
  30  2:53  SCV  
  30  2:54  Marine  
  30  2:56  Supply Depot  
  32  3:05  SCV  
  32  3:08  Cloaking Field  
  32  3:11  Factory Tech Lab  
  32  3:12  Banshee  
  36  3:14  Barracks Reactor  
  36  3:20  SCV  
  37  3:33  SCV  
  38  3:40  Command Center  
  38  3:50  SCV  
  38  3:55  Banshee  
  42  3:57  Supply Depot  
  42  4:02  SCV  
  43  4:28  SCV  
  44  4:35  Command Center  
  44  4:40  SCV  
  44  4:43  Barracks  
  44  4:44  Barracks  
  40  4:47  Starport Reactor  
  40  4:51  Marine x2  
  40  4:52  SCV  
  43  4:54  Orbital Command  
  43  5:03  Siege Tank  
  43  5:04  SCV  
  47  5:09  Marine  
  45  5:16  SCV  
  45  5:21  Engineering Bay, SCV  
  47  5:22  Engineering Bay  
  47  5:26  Medivac  
  49  5:29  SCV  
  49  5:31  Marine x2  
  49  5:33  SCV  
  49  5:34  Stimpack  
  49  5:35  Barracks Tech Lab  
  53  5:41  SCV  
  54  5:43  Siege Tank  
  54  5:45  SCV  
  58  5:52  Orbital Command  
  58  5:53  Terran Infantry Armor Level 1, SCV  
  58  5:54  Terran Infantry Weapons Level 1  
  59  5:57  SCV  
  59  5:59  Refinery  
  59  6:01  Refinery  
  59  6:02  Marine  
  61  6:05  Marine  
  61  6:06  Marine x2  
  64  6:12  Medivac  
  64  6:14  SCV x2  
  64  6:18  Supply Depot, Orbital Command  
  68  6:20  Marine  
  72  6:25  Siege Tank  
  72  6:26  SCV  
  72  6:28  Barracks  
  72  6:31  Combat Shields  
  72  6:32  Barracks  
  73  6:33  Marine  
  73  6:36  SCV  
  73  6:38  SCV  
  76  6:40  Marine x2  
  76  6:44  Medivac  
  76  6:47  Medivac  
  82  6:48  SCV  
  82  6:50  SCV  
  82  6:51  SCV  
  82  6:53  Marine  
  86  6:58  Armory  
  86  7:00  SCV  
  87  7:02  SCV  
  87  7:03  SCV  
  87  7:04  Marine  
  87  7:05  Marine  
  87  7:06  Marine  
  92  7:11  Marine  
  92  7:15  Sensor Tower  
  93  7:23  Barracks Reactor  
  93  7:24  Supply Depot  
  93  7:25  SCV  
  93  7:27  Supply Depot x2, Siege Tank, SCV x2  
  98  7:39  SCV  
  99  7:49  Marine  
  94  7:51  Marine  
  94  7:52  Marine x2  
  94  7:53  Medivac  
  94  7:57  Refinery  
  102  7:58  Supply Depot, Refinery  
  102  7:59  Siege Tank  
  102  8:01  Sensor Tower  
  102  8:02  Supply Depot  
  102  8:03  Supply Depot  
  102  8:05  Marine  
  106  8:06  Marine  
  106  8:07  Marine  
  106  8:09  Barracks Reactor, Marine  
  106  8:10  Marine x2  
  108  8:19  Terran Infantry Armor Level 2  
  108  8:23  Marine x2, SCV x2  
  108  8:25  Marine, SCV  
  114  8:27  Marine  
  115  8:35  SCV x2  
  115  8:36  Supply Depot  
  115  8:37  Supply Depot, SCV  
  118  8:44  Marine x4  
  118  8:46  Marine  
  118  8:47  Siege Tank  
  126  8:48  SCV  
  126  8:49  SCV x2  
  126  8:51  Factory  
  128  8:56  Marine x3  
  128  8:58  Medivac  
  128  9:00  Medivac  
  128  9:01  Marine  
  136  9:05  SCV  
  136  9:08  Marine  
  137  9:10  Marine  
  137  9:11  Marine  
  137  9:13  Marine  
  137  9:14  Marine x2  
  143  9:22  Barracks  
  143  9:23  Barracks x2  
  142  9:26  Supply Depot  
  142  9:28  Supply Depot  
  142  9:38  Marine  
  143  9:44  Marine x7  
  143  9:45  Siege Tank  
  153  9:51  Factory Tech Lab  
  153  9:55  Supply Depot  
  153  9:56  Marine  
  153  10:01  Marine  
  153  10:02  Marine x5  
  159  10:10  Barracks Reactor x2  
  159  10:11  Barracks Reactor  
  162  10:14  Supply Depot  
  162  10:16  Marine  
  162  10:18  Supply Depot  
  168  10:24  Marine  
Show
View Real Time Build Order
Export as new Build Order

VonComet Terran 

Build Orders: Reaper Expand, Bio Tank 

Get SALT Encoding   

  12  0:01  SCV  
  13  0:13  SCV  
  14  0:18  Supply Depot  
  14  0:25  SCV  
  15  0:40  SCV  
  16  0:45  Barracks  
  16  0:49  Refinery  
  16  0:52  SCV  
  18  1:04  SCV  
  18  1:16  SCV  
  19  1:32  Orbital Command  
  19  1:33  Reaper  
  20  1:46  Command Center  
  20  1:58  SCV  
  20  2:05  Refinery, Reaper  
  21  2:08  Supply Depot  
  21  2:15  SCV  
  22  2:26  Factory  
  22  2:27  SCV  
  23  2:42  SCV  
  24  2:45  Barracks Reactor  
  24  2:47  Supply Depot  
  24  2:54  SCV  
  25  2:58  Engineering Bay  
  25  3:00  Orbital Command  
  24  3:06  SCV  
  24  3:12  Starport, Factory Tech Lab  
  25  3:18  SCV  
  26  3:22  Marine x2  
  26  3:26  SCV  
  29  3:30  SCV  
  29  3:34  Cyclone  
  33  3:38  SCV  
  34  3:48  SCV  
  34  3:50  Viking, SCV, Missile Turret  
  37  3:55  Missile Turret  
  37  4:05  SCV x2  
  37  4:08  Missile Turret  
  37  4:09  Marine x2  
  41  4:19  SCV x2  
  41  4:23  Viking  
  46  4:24  Siege Tank  
  46  4:28  Bunker  
  46  4:31  SCV  
  47  4:34  SCV  
  48  4:43  SCV  
  49  4:48  SCV  
  50  4:53  Marine x2  
  50  4:55  SCV  
  50  4:59  Command Center  
  53  5:07  SCV  
  54  5:22  Barracks  
  54  5:24  Supply Depot x2, Starport Reactor, Barracks  
  54  5:26  Supply Depot  
  54  5:30  Terran Infantry Weapons Level 1  
  54  5:39  SCV x2  
  56  5:43  Factory Tech Lab  
  56  5:45  Marine  
  56  5:46  Stimpack  
  57  5:52  Barracks  
  57  5:55  Supply Depot  
  57  6:01  Medivac x2  
  57  6:04  SCV x2  
  63  6:06  Refinery  
  63  6:07  Refinery  
  63  6:09  Siege Tank  
  65  6:13  Orbital Command  
  65  6:19  SCV  
  65  6:20  SCV  
  65  6:23  Barracks Tech Lab  
  67  6:32  Supply Depot  
  67  6:34  Supply Depot  
  67  6:35  SCV x2  
  67  6:38  Supply Depot, Barracks  
  69  6:40  Barracks Reactor, Marine x2  
  69  6:41  Marine  
  72  6:47  Marine  
  72  6:49  Combat Shields  
  73  6:56  SCV x2  
  73  6:58  Marine x2  
  73  7:00  Marine  
  78  7:03  Medivac x2  
  78  7:07  Marine  
  83  7:09  SCV x2  
  83  7:11  Supply Depot x2  
  85  7:16  Marine x2  
  87  7:28  Barracks Reactor, Marine x2  
  87  7:29  Marine x2  
  91  7:39  Marine x2  
  93  7:46  Marine  
  87  7:52  Marine x3  
  87  7:54  SCV x3  
  87  7:57  Siege Tank  
  96  8:01  Factory  
  96  8:02  Supply Depot, Terran Infantry Armor Level 1  
  96  8:03  Supply Depot x2  
  96  8:05  Medivac x2  
  100  8:15  Supply Depot x2, SCV x2  
  100  8:16  Supply Depot  
  100  8:17  Marine x7  
  109  8:27  Barracks Reactor  
  109  8:29  Siege Tank  
  112  8:40  Marine, SCV  
  112  8:41  SCV  
  115  8:46  Marine x2  
  117  8:49  Marine x4  
  121  8:57  Marine, SCV, Orbital Command  
  121  8:58  SCV  
  123  9:07  Siege Tank x2  
  129  9:10  Marine x5  
  129  9:11  Marine x2  
  129  9:12  SCV x2  
  138  9:27  Supply Depot, Engineering Bay  
  138  9:28  Supply Depot x2, Armory  
  138  9:29  SCV x2  
  140  9:31  Refinery  
  140  9:37  Refinery, Command Center  
  140  9:41  Marine  
  140  9:42  Marine x7  
  147  9:51  Marine  
  148  9:53  Siege Tank x2  
  148  9:55  Medivac  
  148  9:59  Marine x6, SCV x2  
  164  10:17  Sensor Tower, SCV  
  164  10:18  SCV  
  164  10:19  SCV  
Tags
 
Add a new tag
Caveats
  • Supply blocks, unpowered buildings, or Contaminate may cause inaccurate times.
  • Supply counts are checked every 10 seconds.